 Dungeon Crawl Stone Soup version 0.30-a0-595-g91969c0fa5 (webtiles) character file.

Game seed: 9732618814637590374

2942 Leeroy the Martial Artist (level 9, -9/59 HPs)
             Began as a Merfolk Transmuter on Jan 6, 2023.
             Mangled by a gnoll
             ... wielding a +2 halberd of electrocution
              (10 damage)
             ... on level 3 of the Dungeon.
             The game lasted 00:12:34 (7705 turns).

Leeroy the Martial Artist (Merfolk Transmuter)      Turns: 7705, Time: 00:12:35

Health: -9/59      AC:  3    Str: 10    XL:     9   Next: 80%
Magic:  25/27      EV:  7    Int: 17    God:
Gold:   276        SH:  0    Dex: 14    Spells: 7/20 levels left

rFire   . . .      SeeInvis .      - Unarmed
rCold   . . .      Faith    .    (shield currently unavailable)
rNeg    . . .      Spirit   .    a - +0 robe
rPois   .          Reflect  .    F - +0 helmet
rElec   .          Harm     .    (no cloak)
rCorr   .          Rampage  .    (gloves currently unavailable)
Will    +....                    (no boots)
Stlth   +                        k - amulet of the acrobat
HPRegen 0.29/turn                x - ring of willpower
MPRegen 0.20/turn                I - ring of magical power

@: blade hands, held, hasted, very quick
A: (nimble swimmer 2), mertail
a: End Transformation


You were on level 3 of the Dungeon.
You had blades for hands.
You visited 1 branch of the dungeon, and saw 7 of its levels.
You also visited: Sewer.

You collected 276 gold pieces.

Inventory:

Hand Weapons
 m - a +2 dagger of electrocution
 v - a +2 whip of flaming
 D - a +3 spear
Missiles
 f - 4 datura-tipped darts
 g - 7 javelins
 u - 10 curare-tipped darts
 B - 5 poisoned darts (quivered)
Armour
 a - a +0 robe (worn)
 F - a +0 helmet (worn)
Jewellery
 e - an amulet of magic regeneration
 k - an amulet of the acrobat (around neck)
 o - an amulet of the acrobat
 x - a ring of willpower (left blade hand)
 I - a ring of magical power (right blade hand)
Scrolls
 c - 4 scrolls of identify
 h - 2 scrolls of blinking {unknown}
 i - 2 scrolls of teleportation
 j - 2 scrolls of enchant armour {unknown}
 n - 2 scrolls of noise {unknown}
 q - 2 scrolls of poison {unknown}
 r - a scroll of magic mapping {unknown}
 s - a scroll of enchant weapon {unknown}
 t - a scroll of torment {unknown}
 w - a scroll of fear {unknown}
 y - 3 scrolls of amnesia {unknown}
 C - 2 scrolls of immolation {unknown}
 J - a scroll of summoning {unknown}
Potions
 d - a potion of curing
 l - a potion of mutation {unknown}
 p - 2 potions of flight {unknown}
 z - a potion of might {unknown}
 A - a potion of degeneration {unknown}
 E - a potion of resistance {unknown}
 G - a potion of magic {unknown}
 H - 3 potions of cancellation {unknown}


   Skills:
 - Level 1.1 Fighting
 + Level 5.0 Dodging
 - Level 10.1 Unarmed Combat
 - Level 6.4 Spellcasting
 - Level 9.0 Transmutations
 - Level 0.3 Poison Magic


You had 7 spell levels left.
You knew the following spells:

 Your Spells              Type           Power      Damage    Failure   Level
a - Beastly Appendage     Tmut           72%        N/A       10%         1
b - Spider Form           Tmut/Pois      21%        N/A       34%         3
c - Ice Form              Ice/Tmut       20%        N/A       61%         4
d - Blade Hands           Tmut           18%        N/A       43%         5

Your spell library contained the following spells:

 Spells                   Type           Power      Damage    Failure   Level
 Wereblood                Tmut           36%        N/A       11%         2
 Foxfire                  Conj/Fire      20%        2x1d5     50%         1
 Ozocubu's Armour         Ice            5%         N/A       78%         3
 Portal Projectile        Hex/Tloc       10%        N/A       78%         3
 Tukima's Dance           Hex            5%         N/A       78%         3
 Yara's Violent Unravell  Hex/Tmut       10%        3d6       86%         5
 Passage of Golubria      Tloc           5%         N/A       97%         4
 Fireball                 Conj/Fire      2%         3d4       100%        5
 Starburst                Conj/Fire      2%         6d3       100%        6
 Ozocubu's Refrigeration  Ice            2%         4d8       100%        7


Dungeon Overview and Level Annotations

Branches:
Dungeon (7/15)              Sewer (visited)
 Temple: D:4-7

Altars:
Nemelex Xobeh
Trog
Yredelemnul

Shops:
D:6 *

Annotations:
D:3 1 transporter


Innate Abilities, Weirdness & Mutations

You have blades for hands.
Your spellcasting is less reliable in this form.
You are incapable of wielding weapons or throwing items.
((You are very nimble when in or above water. (Stealth+, EV+, Speed+++)))
Your lower body shifts to a powerful aquatic tail in water.


Message History

You closely miss kae's ghost. You slice kae's ghost!!
Kae's ghost is severely damaged.
Kae's ghost hits you. The gnoll barely misses you.
You barely miss kae's ghost. You slash kae's ghost.
Kae's ghost is severely damaged.
Kae's ghost closely misses you. The gnoll completely misses you.
You barely miss kae's ghost.
Kae's ghost is severely damaged.
Kae's ghost misses you. The gnoll closely misses you.
You closely miss kae's ghost.
Kae's ghost is severely damaged.
Kae's ghost hits you but does no damage.
The gnoll hits you from afar with a +2 halberd of chaos.
The gnoll burns you.
You slice kae's ghost!!
You destroy kae's ghost!
Your Dodging skill gained 3 levels and is now at level 5!
Things that are here:
a +0 spear; a wand of polymorph (3); a gnoll corpse You barely miss the gnoll.
The gnoll closely misses you. x2
The gnoll throws a throwing net.
The throwing net hits you.
You become entangled in the net!
You tear a large gash into the net.
The gnoll hits you with a +2 halberd of chaos!
The gnoll zaps a wand.
The puff of flame hits you!
You struggle against the net.
The gnoll hits you with a +2 halberd of chaos!
* * * LOW HITPOINT WARNING * * *
You are electrocuted!
* * * LOW HITPOINT WARNING * * *
The gnoll hits you but does no damage.
You feel yourself speed up.
The gnoll hits you with a +2 halberd of chaos.
* * * LOW HITPOINT WARNING * * *
The gnoll burns you.
* * * LOW HITPOINT WARNING * * *
The gnoll barely misses you.
The gnoll hits you from afar with a +2 halberd of electrocution!
You die...

#..≈≈#...g.......#≈≈.####..
#..≈≈###.##'##.###≈≈.####..
#..≈≈..#.#..$#.#..≈≈.......
#..≈≈.##g#...#.##.≈≈.......
#..≈≈.#..#.:.#..#.≈≈.......
#..≈≈.##.#####.##.≈≈.####..
#..≈≈..#.#8⌠8#.#.....####..
#..~~.©#.gg©.'.#©..........
#..≈≈..#.#@..#.#......####.
#..≈≈.##.##.##.##.≈≈..# #.
#..≈≈.#..#.g.#.©#.≈≈.## #.
#..≈≈.##.#⌠.⌠#.##.≈≈.# #.
#..≈≈..#.#...#.#..≈≈.# ##
#..≈≈###.##'##.###≈≈.# ####
##.≈≈#...........#≈≈.# #...
#.≈≈#8.###.###.8#≈≈.# #.##
#.≈≈#..#8###8#..#≈≈.###.#


You could see 3 gnolls.

Vanquished Creatures
  The ghost of kae the Changer, a novice DsTm (D:3)
  Sigmund (D:2)
  9 yaks
  A water moccasin (D:6)
  Pargi (Sewer)
  A black bear (D:6)
  An ogre (D:5)
  The ghost of AppleFox63 the Digger, an amateur DEEE (D:4)
  A bullfrog (D:6)
  A necrophage (D:4)
  A scorpion (D:4)
  A jelly (D:4)
  A howler monkey (D:6)
  4 hounds
  2 iguanas (D:4)
  An orc wizard (D:3)
  8 gnolls
  10 adders
  A river rat (D:6)
  A shadow imp (D:6)
  A white imp (D:5)
  2 ufetubi (D:5)
  4 worms
  2 dart slugs
  10 orcs
  9 ball pythons
  8 endoplasms
  6 giant cockroaches
  5 goblins
  10 hobgoblins
  6 jackals
  5 quokkas
  5 bats
  4 frilled lizards
  6 kobolds
  7 rats
138 creatures vanquished.

Vanquished Creatures (others)
  6 plants (D:3)
6 creatures vanquished.

Grand Total: 144 creatures vanquished

Notes
Turn   | Place    | Note
-------+----------+-------------------------------------------
     0 | D:1      | Leeroy the Merfolk Transmuter began the quest for the Orb.
     0 | D:1      | Reached XP level 1. HP: 15/15 MP: 3/3
   302 | D:1      | Reached XP level 2. HP: 21/21 MP: 5/5
   343 | D:1      | Reached skill level 4 in Unarmed Combat
  1001 | D:2      | Noticed Sigmund
  1014 | D:2      | Killed Sigmund
  1015 | D:2      | Reached skill level 6 in Unarmed Combat
  1015 | D:2      | Reached XP level 3. HP: 11/26 MP: 6/6
  1015 | D:2      | Reached XP level 4. HP: 14/32 MP: 7/7
  1015 | D:2      | Reached XP level 5. HP: 16/37 MP: 8/8
  1248 | D:2      | Reached skill level 7 in Unarmed Combat
  1388 | D:2      | Learned a level 3 spell: Spider Form
  1393 | D:2      | Learned a level 4 spell: Ice Form
  1770 | D:2      | Reached XP level 6. HP: 34/43 MP: 7/9
  2406 | D:3      | Found a basalt altar of Yredelemnul.
  2518 | D:3      | Found a sparkling altar of Nemelex Xobeh.
  2888 | D:3      | Found a transporter.
  2889 | D:3      | Found a transporter.
  2948 | D:3      | Found a bloodstained altar of Trog.
  3536 | D:4      | Found a runed translucent gate.
  3536 | D:4      | Found a runed translucent gate.
  3542 | D:4      | Noticed AppleFox63's ghost (amateur DEEE)
  3558 | D:4      | Reached skill level 8 in Unarmed Combat
  3727 | D:4      | Found a runed translucent gate.
  3781 | D:4      | Reached XP level 7. HP: 48/48 MP: 10/10
  4328 | D:5      | Entered Level 5 of the Dungeon
  4891 | D:5      | Reached skill level 9 in Unarmed Combat
  5358 | D:6      | Found Irribru's Lightly-Used Armoury.
  5359 | D:6      | Noticed a yak
  5359 | D:6      | Noticed a yak
  5360 | D:6      | Noticed a yak
  5360 | D:6      | Noticed a yak
  5360 | D:6      | Noticed a yak
  5361 | D:6      | Noticed a yak
  5372 | D:5      | Killed a yak
  5373 | D:5      | Reached XP level 8. HP: 30/54 MP: 4/11
  5380 | D:6      | Found a glowing drain.
  5409 | Sewer    | Entered a sewer
  5742 | Sewer    | Noticed Pargi
  5774 | Sewer    | Killed Pargi
  5775 | Sewer    | Reached skill level 10 in Unarmed Combat
  5895 | D:6      | Killed a yak
  5908 | D:6      | Killed a yak
  5920 | D:6      | Noticed a yak
  5920 | D:6      | Noticed a yak
  5922 | D:6      | Noticed a yak
  5923 | D:6      | Killed a yak
  6128 | D:7      | Noticed a troll
  6221 | D:6      | Killed a yak
  6222 | D:6      | Reached XP level 9. HP: 9/59 MP: 11/13
  6576 | D:6      | Learned a level 5 spell: Blade Hands
  7065 | D:6      | Reached skill level 5 in Spellcasting
  7482 | D:4      | Killed AppleFox63's ghost
  7649 | D:3      | Noticed kae's ghost (novice DsTm)
  7700 | D:3      | Killed kae's ghost
  7701 | D:3      | Reached skill level 5 in Dodging
  7705 | D:3      | HP: 1/59 [gnoll/+2 halberd of chaos (2)]
  7705 | D:3      | Mangled by a gnoll

Illustrated notes

Levels and vault maps discovered:
D:1:      dpeg_arrival_windows_large_door, layout_basic, minmay_misc_feat_iff
D:2:      layout_basic, kennysheep_potato, uniq_sigmund
D:3:      layout_basic, trog_three_pillars_becter,
          mainiacjoe_overflow_catch_the_wave, gammafunk_ghost_gnarly_gnolls,
          wander_ebering_terrifying_dragon_lair
D:4:      layout_basic, gammafunk_ghost_split, kennysheep_big_empty_room
D:5:      layout_rooms, kennysheep_flooded_box
D:6:      layout_basic, portal_sewer_entry_a, minmay_shop_damaged
D:7:      layout_basic, minmay_temple_entry_sparse_star

Skill      XL: |  1  2  3  4  5  6  7  8  9 |
---------------+----------------------------+-----
Unarmed Combat | 6 7 8 9 10 | 10.1
Transmutations | 3 4 9 |  9.0
Spellcasting   | 3 6 |  6.4
Dodging        | 5 |  5.0
Fighting       | |  1.1
Poison Magic   | |  0.3

Action                   |  1- 3 |  4- 6 |  7- 9 || total
-------------------------+-------+-------+-------++-------
Melee: Unarmed           |    63 |   212 |   178 ||   453
       Punch             |     1 |     5 |     7 ||    13
       Headbutt          |       |       |     2 ||     2
Throw: Dart              |       |       |     7 ||     7
 Cast: Beastly Appendage |       |     3 |     2 ||     5
       Spider Form       |       |     4 |    10 ||    14
       Blade Hands       |       |       |     6 ||     6
  Use: Potion            |     1 |       |     5 ||     6
       Scroll            |       |       |     3 ||     3
 Stab: Sleeping          |     2 |     5 |       ||     7
Armor: Robe              |     7 |    23 |    10 ||    40
       Skin              |    10 |     1 |     6 ||    17
Dodge: Dodged            |    27 |   120 |   186 ||   333

Table legend: (Time is in decaauts)
 A = Elapsed time spent in this place.
 B = Non-inter-level travel time spent in this place.
 C = Inter-level travel time spent in this place.
 D = Time resting spent in this place.
 E = Time spent auto-exploring this place.
 F = Levels seen in this place.
 G = Mean time per level.
                   A        B        C        D        E       F      G
               +--------+--------+--------+--------+--------+-----+--------+
         Total |   7579 |   7215 |    364 |   1634 |   4344 |   8 |  947.4 |
       Dungeon |   7124 |   6760 |    364 |   1353 |   4252 |   7 | 1017.7 |
         Sewer |    454 |    454 |      0 |    281 |     92 |   1 |  454.0 |
               +--------+--------+--------+--------+--------+-----+--------+

Top non-repeatable levels by time:
     D:6: 1550 daAuts
     D:4: 1326 daAuts
     D:3: 1215 daAuts
     D:2: 1212 daAuts
     D:1: 926 daAuts
     D:5: 886 daAuts
   Sewer: 454 daAuts
     D:7: 5 daAuts
